 Dungeon Crawl Stone Soup version 0.31-a0-234-gad7ace16ef (webtiles) character file.

Game seed: 9914350407598152660

101 qw the Shooter (level 4, -1/26 HPs)
             Began as a Gargoyle Hexslinger on July 9, 2023.
             Slain by a black bear (3 damage)
             ... on level 3 of the Dungeon.
             The game lasted 00:00:48 (2192 turns).

qw the Shooter (Gargoyle Hexslinger)                Turns: 2192, Time: 00:00:48

Health: -1/26      AC:  6    Str: 12    XL:     4   Next: 75%
Magic:  5/5        EV: 11    Int: 13    God:
Gold:   114        SH:  0    Dex: 14    Spells: 4/5 levels left

rFire   . . .        Y - +2 sling
rCold   . . .        (no shield)
rNeg    + . .        e - +0 leather armour
rPois   inf          (no helmet)
rElec   +            (no cloak)
rCorr   .            (no gloves)
SInv    .            (no boots)
Will    .....        (no amulet)
Stlth   +            (no ring)
HPRegen 0.24/turn    (no ring)
MPRegen 0.09/turn

%: no passive effects
@: no status effects
A: sickness immunity, AC +3, negative energy resistance 1, electricity
resistance, torment resistance 1, petrification resistance
a: no special abilities


You were on level 3 of the Dungeon.
You visited 1 branch of the dungeon, and saw 3 of its levels.

You collected 114 gold pieces.


Innate Abilities, Weirdness & Mutations

You are immune to sickness and miasma.
Your stone body is resilient. (AC +3)
You are immune to poison.
You resist negative energy. (rN+)
You are resistant to electric shocks. (rElec)
You are resistant to unholy torment.
You are immune to petrification.


   Skills:
 - Level 2.0 Fighting
 + Level 4.5 Ranged Weapons
 - Level 1.5 Dodging
 - Level 1.0 Spellcasting
 - Level 2.6 Hexes


You had 4 spell levels left.
You knew the following spells:

 Your Spells              Type           Power      Damage    Failure   Level
a - Slow                  Hex            28%        N/A       12%         1

Your spell library contained the following spells:

 Spells                   Type           Power      Damage    Failure   Level
 Inner Flame              Hex/Fire       4%         N/A       52%         3
 Portal Projectile        Hex/Tloc       8%         N/A       52%         3
 Cause Fear               Hex            3%         N/A       75%         4

Inventory:

Hand Weapons
 Y - a +2 sling (weapon)
Armour
 e - a +0 leather armour (worn)
 g - the +0 robe of Honour {rC++ Int+3}
   (You found it on level 3 of the Dungeon)

   Int:       It affects your intelligence (+3).
   rC:        It greatly protects you from cold.
Scrolls
 a - 2 scrolls of identify
 d - a scroll of enchant armour {unknown}
 f - a scroll of revelation {unknown}
Potions
 b - a potion of curing
 c - a potion of might {unknown}
 h - a potion of heal wounds

Dungeon Overview and Level Annotations

Branches:
Dungeon (3/15)

Altars:
Ru


Message History

Enter note:
Enter note:
Enter note:
Enter note:
Enter note:
Enter note:
Enter note: You shoot a sling bullet.
The sling bullet hits the black bear.
The black bear is lightly wounded.
You shoot a sling bullet. The sling bullet hits the black bear.
The black bear is moderately wounded.
You shoot a sling bullet. The sling bullet hits the black bear.
The black bear is moderately wounded.
An orc comes into view. It is wielding a +0 hand axe.
You shoot a sling bullet.
The sling bullet completely misses the black bear.
The sling bullet barely misses the orc.
You shoot a sling bullet. The sling bullet hits the black bear!
The black bear is severely wounded.
The black bear bites you but does no damage.
The black bear claws you.
The black bear claws you but does no damage.
You shoot a sling bullet. The sling bullet hits the black bear.
The black bear is severely wounded.
The black bear goes berserk!
You shoot a sling bullet.
The sling bullet hits the black bear but does no damage.
The black bear is severely wounded.
The black bear barely misses you. The black bear claws you. x2
The black bear bites you! The black bear claws you. x2
You shoot a sling bullet.
The sling bullet barely misses the black bear.
The sling bullet hits the orc!
You kill the orc!
The black bear closely misses you.
The black bear claws you but does no damage.
The black bear claws you. The black bear bites you.
The black bear claws you but does no damage.
The black bear claws you.
You die...

#.#..#.#
#...............#
#.#..#.#
#........#########
#.#<.# #........#
#. #.##.#
#........# #.
#.#..# #........#
#. #.#.##
#......### #.
#.#.#
#.####..#########.
#.#.# #.#
##...##......
#.#.#### #@#
###.........
#.#....# #h#
#....#.....>
####.#.##.# #)#
#....#......
#..)...##.# #.#
#....#......
#.........# ...
#...........
#......#### ...
#...........
#......# ...
#...........
######## ....#
#...........
####......##


You could see a black bear (berserk).

Vanquished Creatures
  3 adders
  An ufetubus (D:3)
  2 worms
  A dart slug (D:1)
  3 orcs (D:3)
  9 bats
  6 endoplasms
  3 goblins
  5 hobgoblins
  4 quokkas
  9 ball pythons
  2 frilled lizards
  3 kobolds
  8 rats
59 creatures vanquished.

Notes
Turn   | Place    | Note
-------+----------+-------------------------------------------
     0 | D:1      | qw the Gargoyle Hexslinger began the quest for the Orb.
     0 | D:1      | Reached XP level 1. HP: 12/12 MP: 2/2
     0 | D:1      | 0 ||| qw: Version: 0.3-a-51-g015441d
     0 | D:1      | 0 ||| qw: Game counter: 4284
     0 | D:1      | 0 ||| qw: Melee chars always use a shield: true
     0 | D:1      | 0 ||| qw: God list: Okawaru
     0 | D:1      | 0 ||| qw: Allow faded altars: false
     0 | D:1      | 0 ||| qw: Do Orc after clearing Dungeon:15 true
     0 | D:1      | 0 ||| qw: Do second Lair branch before Depths: true
     0 | D:1      | 0 ||| qw: Lair rune preference: random
     0 | D:1      | 0 ||| qw: Goals: Normal
     0 | D:1      | 0 ||| PLANNING D:1-11
   108 | D:1      | Reached XP level 2. HP: 16/16 MP: 3/3
   275 | D:1      | Reached skill level 3 in Ranged Weapons
   448 | D:1      | Reached XP level 3. HP: 21/21 MP: 4/4
   768 | D:1      | 768 ||| READING 3 scrolls labelled DECZORETUA.
   769 | D:1      | 769 ||| READING scroll labelled OLAOHE LAOGOT.
   770 | D:1      | 770 ||| READING scroll labelled ZOL LEX SID.
   771 | D:1      | 771 ||| DRINKING 2 pink potions.
   778 | D:1      | 778 ||| READING 2 scrolls of identify.
   778 | D:1      | 778 ||| IDENTIFYING black potion
   779 | D:1      | 779 ||| DROPPING scroll of poison.
   780 | D:1      | 780 ||| DROPPING potion of ambrosia.
  1245 | D:2      | Found a sacrificial altar of Ru.
  1542 | D:2      | Reached XP level 4. HP: 26/26 MP: 5/5
  1555 | D:2      | 1555 ||| UPGRADING to +0 leather armour.
  1565 | D:2      | 1565 ||| DROPPING +0 robe.
  1566 | D:2      | 1566 ||| DROPPING ring of wizardry.
  1567 | D:2      | 1567 ||| DRINKING 2 grey potions.
  1642 | D:3      | Reached skill level 4 in Ranged Weapons
  2009 | D:3      | Identified the +0 robe of Honour {rC++ Int+3}
  2184 | D:3      | Noticed a black bear
  2192 | D:3      | HP: 6/26 [black bear (2)]
  2192 | D:3      | HP: 2/26 [black bear (4)]
  2192 | D:3      | Slain by a black bear

Levels and vault maps discovered:
D:1:      elethiomel_arrival_shortcut, layout_basic
D:2:      layout_basic, basic_altar
D:3:      layout_basic, patterned_corridor

Skill      XL: |  1  2  3  4 |
---------------+-------------+-----
Ranged Weapons | 3 4 |  4.5
Fighting       | 2 |  2.0
Dodging        | |  1.5
Spellcasting   | |  1.0
Hexes          | |  2.6

Action                     |  1- 3 |  4- 6 || total
---------------------------+-------+-------++-------
   Fire: Sling             |   101 |    74 ||   175
    Use: Scroll            |     4 |       ||     4
         Potion            |     1 |     1 ||     2
 Armour: Robe              |     3 |       ||     3
         Leather armour    |       |    13 ||    13
  Dodge: Dodged            |    12 |    28 ||    40

Table legend:
 A = Non-vault XP
 B = Vault XP
 C = Vault XP percentage of total XP
 D = Non-vault monster count
 E = Vault monster count
 F = Vault count percentage of total count
                 A         B        C        D         E       F
            +---------+---------+-------+---------+---------+-------
      Total |     148 |       0 |   0.0 |      59 |       0 |   0.0
            +---------+---------+-------+---------+---------+-------
        D:1 |      42 |       0 |   0.0 |      24 |       0 |   0.0
        D:2 |      42 |       0 |   0.0 |      18 |       0 |   0.0
        D:3 |      64 |       0 |   0.0 |      17 |       0 |   0.0
            +---------+---------+-------+---------+---------+-------
